 Dungeon Crawl Stone Soup version 0.28-a0-793-g31680bbd8b (webtiles) character file.

Game seed: 1016027571085555884

111 ytrimaz the Conjurer (level 4, -2/28 HPs)
             Began as an Octopode Conjurer on Nov 3, 2021.
             Slain by a gnoll (8 damage)
             ... on level 3 of the Dungeon.
             The game lasted 00:04:31 (3769 turns).

ytrimaz the Conjurer (Octopode Conjurer)            Turns: 3769, Time: 00:04:32

Health: -2/28      AC:  1    Str:  6    XL:     4   Next: 92%
Magic:  1/8        EV: 13    Int: 21    God:
Gold:   29         SH:  0    Dex: 10    Spells: 5/9 levels left

rFire   . . .      SeeInvis .   (no weapon)
rCold   . . .      Faith    .   (no shield)
rNeg    . . .      Spirit   .   (helmet restricted)
rPois   +          Reflect  .   (no amulet)
rElec   .          Harm     .   b - ring of poison resistance
rCorr   .          Rampage  .   (no ring)
Will    .....                   (no ring)
Stlth   +++.......              (no ring)
HPRegen 0.09/turn               (no ring)
MPRegen 0.11/turn               (no ring)
                                (no ring)
                                (no ring)

@: very slightly contaminated
A: almost no armour, amphibious, 8 rings, camouflage 1, gelatinous body 1,
(nimble swimmer 1), tentacles
a: no special abilities


You were on level 3 of the Dungeon.
You visited 1 branch of the dungeon, and saw 4 of its levels.

You collected 169 gold pieces.
You spent 140 gold pieces at shops.

Inventory:

Magical Staves
 c - a staff of cold
Jewellery
 b - a ring of poison resistance (left tentacle)
Scrolls
 a - 2 scrolls of identify


   Skills:
 - Level 1.2 Fighting
 - Level 0.2 Staves
 * Level 2.0 Dodging
 - Level 2.6 Stealth
 - Level 0.6 Unarmed Combat
 * Level 3.1 Spellcasting
 + Level 5.0 Conjurations
 - Level 0.1 Evocations


You had 5 spell levels left.
You knew the following spells:

 Your Spells              Type           Power      Damage    Failure   Level
a - Magic Dart            Conj           96%        1d7       1%          1
b - Spider Form           Tmut/Pois      3%         N/A       36%         3

Your spell library contained the following spells:

 Spells                   Type           Power      Damage    Failure   Level
 Searing Ray              Conj           48%        2d6       2%          2
 Dazzling Flash           Conj/Hex       26%        N/A       14%         3
 Ensorcelled Hibernation  Hex/Ice        6%         N/A       21%         2
 Mephitic Cloud           Conj/Pois/Air  10%        N/A       21%         3
 Ignite Poison            Fire/Tmut/Pois 3%         N/A       36%         3
 Fulminant Prism          Conj/Hex       6%         3d7       43%         4
 Iskenderun's Mystic Bla  Conj/Tloc      13%        2d5       43%         4
 Freezing Cloud           Conj/Ice/Air   5%         6-21      88%         5


Dungeon Overview and Level Annotations

Branches:
Dungeon (4/15)
 Temple: D:4-7

Altars:
Fedhas
Qazlal

Shops:
D:1 *   D:3 [!(**

Annotations:
D:2 1 runed translucent door, Crazy Yiuf, Sigmund


Innate Abilities, Weirdness & Mutations

You cannot wear most types of armour.
You are amphibious.
You can wear up to eight rings at the same time.
Your skin changes colour to match your surroundings (Stealth+).
Your rubbery body absorbs attacks. (AC +1, EV +1)
((You are camouflaged near water. (Stealth+)))
You have tentacles for arms and can constrict up to eight enemies at once.


Message History

The gnoll barely misses you.
Unknown command.
Casting: Spider Form (extremely dangerous; 36% risk of failure)
Confirm with . or Enter, or press ? or * to list all spells.
The spell is extremely dangerous to cast (36% risk of failure)!
Continue anyway?
You miscast Spider Form.
Multicoloured lights dance before your eyes.
The gnoll closely misses you. The gnoll completely misses you.
Unknown command.
Casting: Spider Form (extremely dangerous; 36% risk of failure)
Confirm with . or Enter, or press ? or * to list all spells.
You don't have enough magic to cast this spell.
Casting: Spider Form (extremely dangerous; 36% risk of failure)
Confirm with . or Enter, or press ? or * to list all spells.
You don't have enough magic to cast this spell.
Casting: Spider Form (extremely dangerous; 36% risk of failure)
Confirm with . or Enter, or press ? or * to list all spells.
You don't have enough magic to cast this spell.
Unknown command.
Unknown command.
Really attack while wielding nothing? [Y]es or [N]o only, please.
Really attack while wielding nothing? [Y]es or [N]o only, please.
Really attack while wielding nothing?
Okay, then.
Really attack while wielding nothing? [Y]es or [N]o only, please.
Really attack while wielding nothing?
You tentacle-slap the gnoll but do no damage.
Your grab misses the gnoll.
The gnoll is heavily wounded.
The gnoll hits you with a +0 flail!
* * * LOW HITPOINT WARNING * * *
The gnoll barely misses you.
You tentacle-slap the gnoll. Your grab misses the gnoll.
Your squeeze misses the gnoll.
The gnoll is severely wounded.
The gnoll hits you with a +0 flail!
You die...

############## ### #.........<..#
##.##
#.##########.###########...## #.#
#.#@g............### #.#
#####.#g######.........#
##.######............#.###.###.#
#...[...#.###.#.####>#.###.###.#
#..####.........####.#.##.#.##..
##.........###..........#.###...#
#.#.######## #.######......#..#.#
.###.## #.# #.#.###.#.#.# ##
##.########.######.#.#####.#.#


You could see 2 gnolls.

Vanquished Creatures
  Terence (D:2)
  An adder (D:3)
  2 dart slugs (D:3)
  An orc (D:3)
  4 endoplasms
  5 giant cockroaches
  11 goblins
  5 hobgoblins
  7 jackals (D:1)
  2 quokkas (D:3)
  7 ball pythons
  7 bats
  4 frilled lizards
  5 kobolds
  2 rats (D:1)
64 creatures vanquished.

Vanquished Creatures (others)
  A fungus (D:3)
1 creature vanquished.

Grand Total: 65 creatures vanquished

Notes
Turn   | Place    | Note
-------+----------+-------------------------------------------
     0 | D:1      | ytrimaz the Octopode Conjurer began the quest for the Orb.
     0 | D:1      | Reached XP level 1. HP: 11/11 MP: 3/3
   255 | D:1      | Reached XP level 2. HP: 10/17 MP: 1/5
   488 | D:1      | Found Ynoliut's Assorted Antiques.
   966 | D:1      | Reached XP level 3. HP: 22/22 MP: 4/6
  1625 | D:2      | Noticed Terence
  1637 | D:2      | Killed Terence
  1638 | D:2      | Reached skill level 1 in Fighting
  1638 | D:2      | Reached XP level 4. HP: 15/28 MP: 1/8
  1867 | D:2      | Found a runed translucent door.
  1868 | D:2      | Noticed Crazy Yiuf
  2191 | D:2      | Noticed Sigmund
  2309 | D:3      | Found a stormy altar of Qazlal.
  2314 | D:3      | Found a blossoming altar of Fedhas.
  2388 | D:3      | Found Laolivy's General Store.
  2614 | D:3      | Found Bunevusey's Distillery.
  2769 | D:3      | Found Pinna's Armour Shop.
  2838 | D:3      | Reached skill level 5 in Conjurations
  2983 | D:3      | Noticed an ice beast
  3004 | D:3      | Found Ucesmy's Antique Weapon Shoppe.
  3281 | D:1      | Bought a steel ring for 140 gold pieces
  3483 | D:3      | Found Pyciu's Assorted Antiques.
  3746 | D:3      | Learned a level 3 spell: Spider Form
  3769 | D:3      | Slain by a gnoll

Illustrated notes

Levels and vault maps discovered:
D:1:      minmay_arrival_doors, layout_basic, serial_shops, shop,
          minmay_bisected
D:2:      layout_loops_ring, st_stairs_9, grunt_decor_one_mirror, uniq_terence,
          uniq_sigmund, uniq_crazy_yiuf_cottage
D:3:      layout_loops_ring, grunt_temple_overflow_forces_of_nature,
          serial_shops, nicolae_shop_crystal, nicolae_shop_window_shopping,
          shop, shop_statue, shop
D:4:      kennysheep_spiral_hall, layout_rooms, fiery_altar_vehumet, zin_purify,
          uniq_duvessa

Skill      XL: |  1  2  3  4 |
---------------+-------------+-----
Fighting       | 1 |  1.2
Conjurations   | 5 |  5.0
Spellcasting   | 3 |  3.1
Staves         | |  0.2
Dodging        | |  2.0
Stealth        | |  2.6
Unarmed Combat | |  0.6
Evocations     | |  0.1

Action                   |  1- 3 |  4- 6 || total
-------------------------+-------+-------++-------
Melee: Unarmed           |    26 |     8 ||    34
       Constrict         |     6 |     2 ||     8
       Tentacles         |     4 |     1 ||     5
       Staff             |       |     7 ||     7
 Cast: Magic Dart        |    55 |    61 ||   116
  Use: Scroll            |       |     6 ||     6
 Stab: Sleeping          |     1 |       ||     1
Armor: Skin              |     1 |     1 ||     2
Dodge: Dodged            |    16 |    31 ||    47

Table legend: (Time is in decaauts)
 A = Elapsed time spent in this place.
 B = Non-inter-level travel time spent in this place.
 C = Inter-level travel time spent in this place.
 D = Time resting spent in this place.
 E = Time spent auto-exploring this place.
 F = Levels seen in this place.
 G = Mean time per level.
                   A        B        C        D        E       F      G
               +--------+--------+--------+--------+--------+-----+--------+
         Total |   3769 |   3647 |    122 |    299 |   2923 |   4 |  942.2 |
       Dungeon |   3769 |   3647 |    122 |    299 |   2923 |   4 |  942.2 |
               +--------+--------+--------+--------+--------+-----+--------+

Top non-repeatable levels by time:
     D:1: 1296 daAuts
     D:3: 1248 daAuts
     D:2: 1222 daAuts
     D:4: 2 daAuts
